 Dungeon Crawl Stone Soup version 0.31-a0-986-g5e6e4ef867 (webtiles) character file.

Game seed: 8942400643019699478

6412 Firecrotchwizard the Martial Artist (level 10, 0/74 HPs)
             Began as an Octopode Shapeshifter on Nov 15, 2023.
             Was a Follower of Ru.
             Slain by an unseen horror (1 damage)
             ... on level 10 of the Dungeon.
             The game lasted 00:37:31 (13715 turns).

Firecrotchwizard the Martial Artist (OpSh)         Turns: 13715, Time: 00:37:31

Health: 0/74       AC:  1    Str: 13    XL:     10   Next: 98%
Magic:  10/10      EV: 13    Int: 12    God:    Ru [*.....]
Gold:   640        SH:  0    Dex: 17    Spells: 9/9 levels left

rFire   . .          .
                       - Unarmed
rCold   . . .        (no shield)
rNeg    . . .        (helmet currently unavailable)
rPois   +            o - amulet of regeneration
rElec   .            E - ring of poison resistance
rCorr   .            (no ring)
SInv    .            (no ring)
Will    .....        (no ring)
Stlth   +++          (no ring)
HPRegen 1.12/turn    (no ring)
MPRegen 0.12/turn    (no ring)
                     (no ring)

%: no passive effects
@: beast-form
A: beast (slay +4), almost no armour, amphibious, 8 rings, camouflage 1,
gelatinous body 1, no conjurations magic, no poison magic, no transmutations
magic, (nimble swimmer 1), tentacles
a: Begin Untransformation, Renounce Religion


You were on level 10 of the Dungeon.
You worshipped Ru.
Ru was aware of your devotion.
You were a hulking beast.
You visited 2 branches of the dungeon, and saw 11 of its levels.

You collected 640 gold pieces.

Inventory:

Hand Weapons
 l - a +3 spear of venom
 s - a +1 dagger of draining
 y - the +3 falchion "Huse" {spect, Int+4}
   (You found it on level 5 of the Dungeon)

   Int+4:     It affects your intelligence (+4).
Missiles
 m - 4 throwing nets {@!f}
Jewellery
 o - an amulet of regeneration (around mantle)
 q - an amulet of guardian spirit
 E - a ring of poison resistance (left tentacle)
Talismans
 b - a beast talisman
 c - a flux talisman
Wands
 k - a wand of quicksilver (10)
 r - a wand of iceblast (28)
 v - a wand of paralysis (2)
 D - a wand of flame (12)
Scrolls
 e - 5 scrolls of immolation
 f - 2 scrolls of fog
 g - 2 scrolls of blinking
 i - 3 scrolls of identify
 t - 9 scrolls of teleportation
 w - 2 scrolls of enchant weapon
 C - a scroll of fear
Potions
 a - a potion of lignification
 d - 2 potions of curing
 h - 3 potions of haste
 n - a potion of magic {unknown}
 p - a potion of degeneration {unknown}
 u - a potion of ambrosia {unknown}
 x - a potion of brilliance {unknown}
 z - a potion of resistance {unknown}
 A - a potion of invisibility {unknown}
 B - 2 potions of might


   Skills:
 + Level 9.3 Fighting
 - Level 2.0 Dodging
 + Level 10.4 Unarmed Combat
 + Level 9.0 Shapeshifting


You had 9 spell levels left.
You didn't know any spells.
Your spell library contained the following spells:

 Spells                   Type           Power      Damage    Failure   Level
 Apportation              Tloc           0%         N/A       32%         1
 Summon Small Mammal      Summ           0%         N/A       32%         1
 Blink                    Tloc           0%         N/A       45%         2
 Lesser Beckoning         Tloc           0%         N/A       45%         2
 Sublimation of Blood     Necr           0%         N/A       45%         2
 Call Canine Familiar     Summ           0%         N/A       69%         3
 Gell's Gravitas          Tloc           0%         N/A       69%         3
 Ozocubu's Armour         Ice            0%         N/A       69%         3
 Summon Guardian Golem    Hex/Summ       0%         N/A       69%         3
 Teleport Other           Tloc           0%         N/A       69%         3
 Manifold Assault         Tloc           0%         N/A       97%         4
 Dispersal                Tloc           0%         N/A       100%        6
 Ozocubu's Refrigeration  Ice            0%         4d7       100%        7
 Summon Hydra             Summ           0%         N/A       100%        7
 Momentum Strike          Conj/Tloc      Unusable   3d8       N/A         2
 Wereblood                Tmut           Unusable   N/A       N/A         2
 Eringya's Noxious Bog    Tmut/Pois      Unusable   4d6       N/A         6

Dungeon Overview and Level Annotations

Branches:
Dungeon (10/15)            Temple (1/1) D:5             Orc (0/2) D:9
   Lair: D:8-11

Altars:
Ashenzari
Cheibriados
Dithmenos
Elyvilon
Fedhas
Gozag
Hepliaklqana
Kikubaaqudgha
Makhleb
Nemelex Xobeh
Okawaru
Qazlal
Ru
Sif Muna
Trog
Uskayaw
Vehumet
Wu Jian
Xom
Yredelemnul
Zin
The Shining One

Annotations:
D:5 exclusions: ice beast and water moccasin
D:6 exclusions: centaur and wight
D:8 exclusions: 3 electric eels and 3 more exclusions
D:9 exclusion: orange crystal statue
D:10 exclusion: 2 two-headed ogres, Lodul


Innate Abilities, Weirdness & Mutations

You are a hulking beast.
Your limbs bulge with bestial killing power. (Slay +4)
You cannot wear most types of armour.
You are amphibious.
You can wear up to eight rings at the same time.
Your skin changes colour to match your surroundings (Stealth+).
Your rubbery body absorbs attacks. (AC +1, EV +1)
You cannot study or cast Conjurations magic.
You cannot study or cast Poison magic.
You cannot study or cast Transmutations magic.
((You are camouflaged when in or above water. (Stealth+)))
You have tentacles for arms and can constrict up to eight enemies at once.


Message History

Things that are here:
a +0 whip of freezing; 2 stones
There is an open door here.
There is an open door here.
t - 9 scrolls of teleportation (gained 1)
There is an open door here.
There is an open door here.
There is an open door here.
Things that are here:
a +0 dagger; a kobold corpse
There is an open door here.
Things that are here:
a +0 short sword; a kobold corpse
Found a stone staircase leading down.
There is an open door here.
There is a stone staircase leading down here.
Found a beast talisman.
Found an escape hatch in the floor.
There is an open door here.
f - 2 scrolls of fog (gained 1)
Found a stone staircase leading down.
C - a scroll of fear
There is an open door here.
Found a stone staircase leading down.
There is an open door here.
There is an open door here.
A two-headed ogre comes into view.
It is wielding a +0 giant spiked club and a +0 giant club.
Unknown command.
Press: ? - help, v - describe, . - travel
Here: a two-headed ogre, wielding a +0 giant spiked club and a +0 giant club (asleep)
The floor.
Placed new exclusion.
There is an open door here.
There is a stone staircase leading down here.
There is an open door here.
As you open the door, it creaks loudly!
There is an open door here.
Found a morningstar.
A wyvern comes into view.
The wyvern hisses angrily.
You hear a shout!
The wyvern hisses menacingly.
You bludgeon the wyvern! Your squeeze misses the wyvern.
The wyvern is moderately wounded.
The wyvern bites you!
You barely miss the wyvern. You tentacle-slap the wyvern!
You squeeze the wyvern, but do no damage.
The wyvern is severely wounded.
The wyvern misses you.
You closely miss the wyvern.
The wyvern is severely wounded.
The wyvern closely misses you. The wyvern barely misses you.
You tentacle-slap the wyvern.
The wyvern is almost dead.
The wyvern barely misses you.
You closely miss the wyvern. You tentacle-slap the wyvern.
You kill the wyvern!
Something hits you!
Deactivating autopickup; reactivate with Ctrl-A.
Your Shapeshifting skill increases to level 9!
Aiming: Quicksilver Bolt
Press: ? - help, Shift-Dir - straight line The bolt of dispelling energy hits something!
Something hits you! Something hits you!
* * * LOW HITPOINT WARNING * * *
You tentacle-slap something. Your squeeze misses something. Something hits you!
* * * LOW HITPOINT WARNING * * *
Something barely misses you.
The electric eel shoots out a bolt of lightning at you!
The bolt of electricity hits you!
* * * LOW HITPOINT WARNING * * *
Something hits you.
* * * LOW HITPOINT WARNING * * *
The electric eel shoots out a bolt of lightning at you!
The bolt of electricity hits you!
* * * LOW HITPOINT WARNING * * *
You hear a shout!
You feel much better. Something hits you!
* * * LOW HITPOINT WARNING * * *
The electric eel begins to attack, but is stunned by your conviction!
Something hits you!
* * * LOW HITPOINT WARNING * * *
Unknown command.
Aiming: Iceblast
Press: ? - help, Shift-Dir - straight line The mass of ice explodes!
The iceblast engulfs something!
You hear a shout!
You hear two shouts!
Something hits you.
* * * LOW HITPOINT WARNING * * *
Something hits you.
* * * LOW HITPOINT WARNING * * *
There is an open door here.
Something hits you!
* * * LOW HITPOINT WARNING * * *
Something is blocking the doorway!
Something hits you.
* * * LOW HITPOINT WARNING * * *
Something hits you.
You die...

.!/......##........#######....
####.#######'####### #...> # #..#
#.... ##.### ##### #.# #.>.# ..#
###'##### ######.###
###.......######## #........#
#.'.......+..<...###
###........###.#h......######....
...........#...#.......# ####.
#........#.###......<# ##
#...)......# #.......# #
#........### #.......# #
♣~####.### ####'#### # #.#
#.###### ## ..# #......# #. S###
######+.#######'


There were no monsters in sight!

Vanquished Creatures
  Psyche (D:8)
  Jeremiah (D:7)
  A troll (D:8)
  A hornet (D:8)
  A shadow (D:10)
  3 wyverns
  A steam dragon (D:7)
  Edmund (D:5)
  2 water moccasins
  3 orc warriors (D:8)
  3 sky beasts
  3 elephant zombies (D:7)
  4 ogres
  3 wolves (D:8)
  2 centaurs
  A phantom (D:5)
  2 kobold brigands
  An elf zombie (D:7)
  2 bullfrogs
  2 gnoll sergeants
  A scorpion (D:5)
  14 wights
  6 killer bees
  4 howler monkeys
  An electric eel (D:10)
  2 centaur zombies (D:7)
  3 jellies
  2 gnoll boudas
  6 hounds
  3 orc priests (D:8)
  A sleepcap (D:5)
  Jessica (D:2)
  6 orc wizards
  2 scorpion zombies (D:7)
  A hound zombie (D:7)
  3 howler monkey zombies (D:7)
  19 gnolls
  8 adders
  A shadow imp (D:8)
  2 ufetubi (D:4)
  3 adder zombies (D:7)
  3 worms
  3 dart slugs
  The ghost of Skeral the Sneak, a weakling FeDe (D:3)
  15 orcs
  10 ball pythons
  5 bats
  4 endoplasms (D:1)
  5 giant cockroaches
  3 hobgoblins
  16 kobolds
  2 quokkas
  5 frilled lizards
  6 goblins
  6 rats
211 creatures vanquished.

Notes
Turn   | Place    | Note
-------+----------+-------------------------------------------
     0 | D:1      | Firecrotchwizard the Octopode Shapeshifter began the quest
                  | for the Orb.
     0 | D:1      | Reached XP level 1. HP: 13/13 MP: 1/1
   135 | D:1      | Reached XP level 2. HP: 11/18 MP: 2/2
   536 | D:1      | Reached XP level 3. HP: 23/23 MP: 3/3
   798 | D:2      | Noticed Jessica
   809 | D:2      | Killed Jessica
   810 | D:2      | Reached skill level 4 in Unarmed Combat
   810 | D:2      | Reached XP level 4. HP: 14/29 MP: 4/4
  1855 | D:3      | You fall into a shaft and drop 1 floor!
  1931 | D:3      | Reached XP level 5. HP: 34/34 MP: 5/5
  1987 | D:3      | Found a faded altar of an unknown god.
  2081 | D:3      | Found a runed translucent door.
  2084 | D:3      | Noticed Skeral's ghost (weakling FeDe)
  2466 | D:3      | Killed Skeral's ghost
  2470 | D:3      | Reached skill level 5 in Unarmed Combat
  2789 | D:3      | Identified the +4 ring mail of Yesterday {Dex+4}
  2879 | D:4      | Reached XP level 6. HP: 41/41 MP: 6/6
  3065 | D:4      | Noticed a sky beast
  3069 | D:4      | Killed a sky beast
  3592 | D:5      | Entered Level 5 of the Dungeon
  3688 | D:5      | Noticed a water moccasin
  3947 | D:5      | Identified the +3 falchion "Huse" {spect, Int+4}
  3992 | D:5      | Noticed an ice beast
  4094 | D:5      | Reached skill level 6 in Unarmed Combat
  4094 | D:5      | Reached XP level 7. HP: 42/46 MP: 7/7
  4125 | D:5      | Found a staircase to the Ecumenical Temple.
  4154 | Temple   | Entered the Ecumenical Temple
  4226 | Temple   | Became a worshipper of Ru the Awakened
  4589 | D:5      | Noticed Edmund
  4838 | D:5      | Killed Edmund
  5160 | D:5      | Found an ornate altar of the Wu Jian Council.
  5161 | D:5      | Found a hazy altar of Hepliaklqana.
  5242 | D:5      | Reached skill level 5 in Shapeshifting
  5280 | D:5      | Reached XP level 8. HP: 54/54 MP: 8/8
  5920 | D:6      | Reached skill level 7 in Unarmed Combat
  6140 | D:6      | Reached skill level 5 in Fighting
  6441 | D:6      | Gained mutation: You cannot study or cast Poison magic. [Ru
                  | sacrifice]
  6441 | D:6      | Gained mutation: You cannot study or cast Transmutations
                  | magic. [Ru sacrifice]
  6441 | D:6      | Gained mutation: You cannot study or cast Conjurations
                  | magic. [Ru sacrifice]
  6441 | D:6      | Reached * piety under Ru
  7321 | D:7      | Identified the of Jehauzi
  7336 | D:7      | Reached XP level 9. HP: 54/62 MP: 9/9
  7416 | D:7      | Found a flagged portal.
  7417 | D:7      | Noticed Jeremiah
  7444 | D:7      | Killed Jeremiah
  7445 | D:7      | Reached skill level 8 in Unarmed Combat
  7765 | D:7      | Found a basalt altar of Yredelemnul.
  8614 | D:7      | Reached skill level 9 in Unarmed Combat
  8620 | D:7      | Identified the +1 chain mail of Vexation {rElec rPois rCorr
                  | Int-4}
  9104 | D:7      | Reached XP level 10. HP: 72/72 MP: 10/10
 10955 | D:8      | Noticed Psyche
 10962 | D:8      | Killed Psyche
 11081 | D:8      | Reached skill level 10 in Unarmed Combat
 11737 | D:9      | Noticed an orange crystal statue
 11762 | D:9      | HP: 3/73 [orc/+0 hand axe (5)]
 12189 | D:9      | Found a staircase to the Orcish Mines.
 12476 | D:9      | Found a hide-covered altar of Uskayaw.
 12476 | D:9      | Found a shimmering blue altar of Sif Muna.
 12593 | D:10     | Entered Level 10 of the Dungeon
 12635 | D:10     | Noticed a two-headed ogre
 13274 | D:10     | Noticed Lodul
 13669 | D:10     | Noticed a two-headed ogre
 13706 | D:10     | HP: 3/74 [electric eel/bolt of electricity (9)]
 13715 | D:10     | HP: 1/74 [something (4)]
 13715 | D:10     | Slain by an unseen horror

Illustrated notes

Levels and vault maps discovered:
D:1:      psy_arrival_dodecagon, layout_loops_ring, dreamdust_mushroom_princess
D:2:      layout_basic, grunt_decor_arrowhead, uniq_jessica
D:3:      layout_loops_cross, shapermc_ecumenical_altar_hornbeckon,
          ebering_ghost_inner_flame
D:4:      layout_gridville
D:5:      minmay_inner_zag, layout_layer_cave, gammafunk_temple_overflow_pools,
          minmay_temple_entry_glass, uniq_edmund
D:6:      layout_basic
D:7:      layout_rooms, enter_bailey_6, roadster_capsule_ark_zombie,
          uniq_jeremiah
D:8:      layout_basic, erik_lair_island, uniq_psyche
D:9:      layout_rooms, gammafunk_temple_overflow_elements, orc_0_dummy,
          minmay_statue_bubble
D:10:     layout_roguey, palyth_stone_intersect, serial_bayou_lake_a, uniq_lodul
Temple:   dpeg_five_rooms_temple

Skill      XL: |  1  2  3  4  5  6  7  8  9 10 |
---------------+-------------------------------+-----
Unarmed Combat | 4 5 6 7 9 10 | 10.4
Fighting       | 2 3 4 6 7 9 |  9.3
Shapeshifting  | 4 5 6 7 9 |  9.0
Dodging        | |  2.0

Action                     |  1- 3 |  4- 6 |  7- 9 | 10-12 || total
---------------------------+-------+-------+-------+-------++-------
  Melee: Unarmed           |    25 |       |       |   165 ||   190
         Tentacles         |     3 |    14 |    49 |    46 ||   112
         Dagger            |    18 |       |       |       ||    18
         Constrict         |     6 |    25 |    40 |    29 ||   100
         Spear             |       |   117 |   246 |       ||   363
         Punch             |       |     7 |    12 |    18 ||    37
 Invoke: Sacrifice Arcana  |       |       |     1 |       ||     1
         Reject Sacrifices |       |       |       |     1 ||     1
  Evoke: Wand              |       |     3 |     7 |     4 ||    14
    Use: Scroll            |       |     6 |     3 |     6 ||    15
         Potion            |       |       |     1 |     4 ||     5
   Stab: Sleeping          |    10 |     8 |    10 |       ||    28
         Paralysed         |       |       |    14 |     3 ||    17
         Distracted        |       |       |     2 |     1 ||     3
 Armour: Skin              |    10 |    27 |   119 |   136 ||   292
  Dodge: Dodged            |    17 |    43 |   118 |    78 ||   256

Table legend: (Time is in decaauts)
 A = Elapsed time spent in this place.
 B = Non-inter-level travel time spent in this place.
 C = Inter-level travel time spent in this place.
 D = Time resting spent in this place.
 E = Time spent auto-exploring this place.
 F = Levels seen in this place.
 G = Mean time per level.
                   A        B        C        D        E       F      G
               +--------+--------+--------+--------+--------+-----+--------+
         Total |  13722 |  13225 |    497 |   5051 |   6139 |  11 | 1247.5 |
       Dungeon |  13598 |  13222 |    376 |   5051 |   6139 |  10 | 1359.8 |
        Temple |    123 |      2 |    121 |      0 |      0 |   1 |  123.0 |
               +--------+--------+--------+--------+--------+-----+--------+

Top non-repeatable levels by time:
     D:8: 2395 daAuts
     D:5: 2136 daAuts
     D:6: 1766 daAuts
     D:7: 1685 daAuts
     D:2: 1066 daAuts
    D:10: 1057 daAuts
     D:3: 1019 daAuts
     D:9: 933 daAuts
     D:4: 851 daAuts
     D:1: 685 daAuts
  Temple: 123 daAuts
